 Dungeon Crawl Stone Soup version 0.16-a0-3008-g8433e14 (console) character file.

111 nht the Chopper (level 4, -6/58 HPs)
             Began as a Minotaur Berserker on Dec 7, 2014.
             Was a Priest of Trog.
             Mangled by an iguana (7 damage)
             ... on level 3 of the Dungeon.
             The game lasted 00:01:36 (1229 turns).

nht the Chopper (Minotaur Berserker)                Turns: 1229, Time: 00:01:36

Health: -6/58      AC:  2    Str: 26    XL:     4   Next: 62%
Magic:  2/2        EV: 12    Int:  4    God:    Trog [***...]
Gold:   112        SH:  0    Dex: 11    Spells: 0 memorised, 3 levels left

rFire  . . .     SeeInvis .     a - +0 hand axe
rCold  . . .     Clarity  .     b - +0 animal skin
rNeg   . . .     SustAb   .     (no shield)
rPois  .         Gourm    .     (helmet restricted)
rElec  .         Spirit   .     (no cloak)
rCorr  .         Warding  .     (no gloves)
rMut   .         Stasis   .     (no boots)
MR     .....                    (no amulet)
Stlth  ..........               (no ring)
                                (no ring)

@: berserking, very quick, not resistant to hostile enchantments, extremely
unstealthy
A: retaliatory headbutt, horns 2
a: Burn Spellbooks, Berserk, Trog's Hand, Renounce Religion


You were on level 3 of the Dungeon.
You worshipped Trog.
Trog was most pleased with you.
You were not hungry.

You visited 1 branch of the dungeon, and saw 3 of its levels.

You collected 112 gold pieces.

Inventory:

Hand weapons
 a - a +0 hand axe (weapon)
Armour
 b - a +0 animal skin (worn)
Scrolls
 d - 4 scrolls of identify {unknown}
 g - 2 scrolls of teleportation {unknown}
 l - a scroll of recharging {unknown}
Potions
 e - a potion of curing {unknown}
 f - a potion of restore abilities {unknown}
 h - a potion of agility {unknown}
 j - a potion of lignification {unknown}
Comestibles
 c - 3 bread rations
 k - a meat ration


   Skills:
 - Level 3.6 Fighting
 + Level 6.6 Axes
 - Level 2.4 Armour
 - Level 2.1 Dodging


You had 3 spell levels left.
You didn't know any spells.

Dungeon Overview and Level Annotations

Branches:
Dungeon (3/15)

Altars:
Qazlal
Sif Muna
The Shining One


Innate Abilities, Weirdness & Mutations

You reflexively headbutt those who attack you in melee.
You have a pair of horns on your head.


Message History

A quokka comes into view.
You hit the iguana but do no damage. Your headbutt misses the iguana.
The iguana bites you.
You hit the iguana. You headbutt the iguana.
The iguana is lightly wounded.
The iguana bites you! The iguana bites you!
You see here 13 gold pieces.
Eat which item? (? for menu, Esc to quit)
Mmm...
Vegetable.
The iguana bites you!
* * * LOW HITPOINT WARNING * * *
Use which ability? (? or * to list)
A red film seems to cover your vision as you go berserk!
You feel yourself moving faster!
You feel mighty!
You feel somewhat more hungry. The iguana bites you!
* * * LOW HITPOINT WARNING * * *
You hit the iguana.
The iguana is heavily wounded.
The iguana bites you!
You die...

.............█
..............█
█..............█
█..............█
█...........(..█
█....r........██
█!............█
█............)█


████████r██████ █l█ █@█ █.█ █.█ █.█ █.. ███ You could see an iguana and a
quokka.

Vanquished Creatures
  2 adders (D:2)
  3 gnolls (D:2)
  3 worms (D:2)
  A giant cockroach (D:1)
  6 hobgoblins
  6 jackals
  8 kobolds
  A quokka (D:2)
  2 ball pythons
  7 bats
  4 giant newts
  2 goblins (D:1)
  4 rats
49 creatures vanquished.

Notes
Turn   | Place    | Note
--------------------------------------------------------------
     0 | D:1      | nht, the Minotaur Berserker, began the quest for the Orb.
     0 | D:1      | Reached XP level 1. HP: 19/19 MP: 1/1
    85 | D:1      | Reached skill level 4 in Axes
   141 | D:1      | Reached XP level 2. HP: 16/26 MP: 1/1
   204 | D:1      | Found a glowing golden altar of the Shining One.
   237 | D:1      | Acquired Trog's second power
   550 | D:2      | Found a deep blue altar of Sif Muna.
   579 | D:2      | Reached skill level 5 in Axes
   609 | D:2      | Reached XP level 3. HP: 29/31 MP: 2/2
   708 | D:2      | Reached XP level 4. HP: 31/39 MP: 2/2
   776 | D:2      | Reached skill level 6 in Axes
  1180 | D:3      | Found a stormy altar of Qazlal.
  1228 | D:3      | HP: 1/58 [iguana (13)]
  1229 | D:3      | Mangled by an iguana

Action                   |  1- 3 |  4- 6 || total
-------------------------+-------+-------++-------
Melee: Hand axe          |    64 |    42 ||   106
Invok: Berserk           |     1 |     1 ||     2
 Stab: Sleeping          |       |     1 ||     1
  Eat: Pizza             |       |     1 ||     1
       Chunk             |       |     1 ||     1
